Map: Dusty Gorge

Players

Pokosik - Winner!

  • Race: Zerg Zerg
  • League: Silver
  • Spawn Location: 3:00

dimarus - Winner!

  • Race: Zerg Zerg
  • League: Diamond
  • Spawn Location: 5:00

Nigrnog

  • Race: Zerg Zerg
  • League: Gold
  • Spawn Location: 9:00

MooEsqoo

  • Race: Protoss Protoss
  • Spawn Location: 11:00

VOD

Have the link to the VOD?

Description

Time

  • Played on: Feb. 14, 2020, 8:47 a.m.
  • Length: 17:49
Show
View Real Time Build Order
Export as new Build Order

Pokosik Zerg - Winner!

Build Orders: Hatch First, Lurkers 

Get SALT Encoding   

  12  0:04  Drone  
  13  0:08  Drone  
  14  0:43  Hatchery, Overlord  
  14  0:47  Extractor  
  12  0:50  Drone  
  13  1:13  Drone x3  
  16  1:36  Spawning Pool  
  16  1:37  Drone x2  
  17  1:46  Drone  
  18  1:55  Extractor  
  18  2:00  Drone x2  
  19  2:11  Drone x2  
  21  2:23  Queen  
  21  2:25  Queen  
  25  2:30  Drone x2  
  27  2:47  Baneling Nest  
  26  3:16  Drone x2  
  26  3:18  Overlord x4  
  28  3:26  Metabolic Boost  
  28  3:59  Spore Crawler  
  28  4:01  Spore Crawler  
  26  4:05  Spore Crawler  
  26  4:06  Drone  
  26  4:07  Drone x8  
  34  4:10  Spore Crawler  
  33  4:39  Overlord  
  33  4:48  Zergling x22  
  33  4:49  Zergling x2  
  45  5:06  Extractor  
  41  5:40  Zergling x20  
  50  6:07  Baneling x13  
  50  6:08  Baneling x23  
  32  7:10  Zergling x2  
  32  7:11  Zergling x16  
  41  7:50  Baneling x13  
  41  7:51  Baneling x5  
  41  7:55  Drone  
  41  7:56  Drone x9  
  42  8:30  Lair  
  42  8:42  Extractor  
  41  9:00  Overlord  
  41  9:01  Overlord x2  
  41  9:02  Drone x3  
  44  9:23  Hatchery  
  43  9:31  Hatchery  
  42  9:34  Hydralisk Den  
  41  10:16  Hydralisk  
  41  10:17  Hydralisk x17, Evolution Chamber  
  76  10:24  Hydralisk x4  
  84  10:53  Hydralisk x9  
  84  10:54  Hydralisk  
  104  10:57  Grooved Spines  
  104  11:16  Lurker Den  
  103  11:41  Overlord  
  103  11:42  Overlord x6  
  103  11:43  Overlord x2  
  103  11:44  Overlord x5  
  103  12:09  Muscular Augments  
  103  12:11  Hydralisk  
  103  12:12  Hydralisk x7  
  75  12:49  Lurker x6  
  61  12:59  Burrow  
  61  13:00  Hydralisk  
  63  13:39  Hydralisk  
  63  13:40  Hydralisk x8  
  81  13:45  Drone  
  81  13:46  Drone x2  
  84  13:54  Queen  
  86  13:55  Queen  
  88  14:29  Extractor  
  87  14:32  Hydralisk x6  
  87  14:33  Hydralisk x4, Extractor  
  106  14:51  Drone x6  
  106  14:52  Drone  
  113  15:14  Hydralisk  
  113  15:15  Hydralisk x4  
  123  15:42  Lurker x5  
  128  16:04  Infestation Pit  
  92  16:40  Hydralisk x6  
  92  16:41  Hydralisk x4  
  110  16:55  Hydralisk x3  
Show
View Real Time Build Order
Export as new Build Order

dimarus Zerg - Winner!

Build Orders: Pool First 

Get SALT Encoding   

  12  0:01  Drone  
  13  0:08  Drone  
  14  0:27  Spawning Pool  
  13  0:33  Extractor  
  13  0:34  Drone  
  13  0:37  Drone  
  14  1:05  Overlord x2  
  14  1:06  Overlord  
  14  1:23  Queen  
  16  1:36  Drone x2  
  18  1:43  Zergling x2  
  19  1:49  Metabolic Boost  
  19  1:50  Zergling x2  
  20  2:02  Zergling x2  
  21  2:16  Zergling x2  
  21  2:20  Hatchery  
  22  2:22  Zergling x2  
  22  2:33  Zergling x6  
  25  2:43  Queen  
  27  2:46  Zergling x2  
  28  3:00  Zergling x2  
  29  3:08  Zergling x2  
  26  3:31  Zergling x2  
  26  3:32  Zergling x2  
  28  3:35  Zergling x2  
  28  3:36  Zergling x4  
  28  3:43  Zergling x2  
  28  3:47  Zergling x2  
  26  3:56  Spore Crawler  
  25  4:03  Zergling x4  
  25  4:05  Zergling x2  
  25  4:06  Zergling x2  
  25  4:08  Spore Crawler  
  28  4:16  Queen  
  30  4:22  Drone  
  30  4:23  Drone  
  27  4:32  Zergling x2  
  27  4:33  Drone  
  28  4:46  Drone  
  28  4:47  Drone x2  
  31  4:55  Zergling x8  
  35  5:17  Zergling x12  
  41  5:21  Hatchery  
  40  5:42  Zergling x6  
  43  5:45  Overlord x3  
  43  5:59  Overlord  
  43  6:00  Overlord  
  43  6:16  Drone x2  
  43  6:17  Drone x5  
  50  6:30  Extractor  
  49  6:56  Zergling x2  
  49  6:57  Zergling x20  
  44  7:24  Drone x3  
  44  7:25  Drone x4  
  51  7:43  Spore Crawler  
  50  7:44  Drone  
  50  7:45  Drone x4  
  55  7:51  Drone  
  55  7:52  Drone x2  
  55  7:53  Extractor  
  55  7:55  Extractor  
  56  8:02  Drone  
  56  8:03  Drone x6  
  63  8:06  Lair  
  63  8:18  Drone x4  
  67  8:29  Drone  
  67  8:30  Extractor, Drone x10  
  67  8:32  Extractor  
  76  8:54  Drone x2  
  76  8:55  Drone  
  73  9:31  Hydralisk Den  
  64  9:33  Spire  
  64  9:36  Infestation Pit  
  64  9:37  Zergling x2  
  64  9:38  Zergling x44  
  85  9:55  Evolution Chamber x2  
  83  10:02  Grooved Spines  
  83  10:06  Hydralisk x3  
  89  10:08  Overlord x2  
  89  10:09  Overlord x7  
  89  10:32  Hydralisk x3  
  89  10:33  Hydralisk x6  
  95  11:11  Hydralisk x6  
  88  11:12  Hydralisk x6  
  88  11:13  Hydralisk  
  88  11:14  Muscular Augments  
  110  11:23  Hydralisk x3  
  116  11:26  Zerg Missile Weapons Level 1  
  116  11:30  Zerg Ground Armor Level 1  
  116  11:35  Hydralisk x2  
  120  11:50  Corruptor x2  
  120  11:51  Corruptor  
  126  12:10  Corruptor  
  126  12:11  Corruptor x4  
  124  12:31  Mutalisk  
  124  12:32  Hydralisk x5  
  124  12:33  Hydralisk  
  96  12:57  Hive  
  96  12:58  Hydralisk x6  
  108  13:16  Hydralisk x2  
  108  13:17  Hydralisk x4  
  120  13:25  Zerg Missile Weapons Level 2  
  120  13:27  Zerg Ground Armor Level 2  
  120  13:33  Hydralisk  
  120  13:34  Hydralisk  
  124  14:14  Greater Spire  
  124  14:29  Hydralisk  
  124  14:30  Hydralisk x6  
  124  14:31  Hydralisk x3  
  136  14:32  Hydralisk x2  
  136  14:33  Hydralisk, Overlord  
  136  14:34  Overlord x4  
  148  15:07  Corruptor x3  
  154  15:31  Brood Lord x7  
  168  16:14  Hydralisk x2  
  168  16:15  Hydralisk x3  
  168  16:16  Zergling x6  
  168  16:17  Zergling x28  
  111  16:40  Hydralisk x4  
  111  16:41  Hydralisk x4  
  130  17:30  Zergling x2  
  130  17:31  Zergling x16  
Show
View Real Time Build Order
Export as new Build Order

Nigrnog Zerg 

Build Orders: 3 Hatch before Pool 

Get SALT Encoding   

  12  0:00  Drone  
  13  0:13  Overlord  
  13  0:22  Drone  
  14  0:31  Drone x2  
  14  0:35  Drone  
  17  0:46  Drone  
  18  1:08  Drone  
  19  1:11  Hatchery  
  19  1:15  Drone  
  19  1:29  Hatchery  
  18  1:35  Drone x2  
  20  1:40  Drone  
  21  1:50  Drone  
  22  1:54  Extractor  
  22  1:58  Spawning Pool  
  22  2:01  Overlord  
  20  2:25  Drone x2  
  20  2:26  Drone  
  22  2:45  Zergling x8  
  26  2:59  Extractor, Zergling x8  
  29  3:06  Zergling x4  
  30  3:18  Zergling x8  
  31  3:34  Zergling x4  
  19  3:57  Zergling x2  
  19  3:58  Zergling x8  
  19  3:59  Metabolic Boost  
  19  4:01  Drone  
  25  4:10  Drone x2  
  27  4:18  Spine Crawler  
  27  4:22  Hatchery  
  24  4:31  Drone x3  
  25  4:32  Drone  
  26  4:42  Drone x2  
  28  4:47  Queen  
  30  5:06  Drone x2  
  30  5:07  Drone x2  
  34  5:24  Baneling Nest  
  33  5:31  Queen  
  33  5:32  Roach Warren  
  34  5:42  Hatchery  
  33  5:47  Drone x2  
  35  6:00  Drone x2  
  35  6:03  Queen  
  39  6:19  Evolution Chamber  
  39  6:21  Drone  
  39  6:22  Evolution Chamber  
  39  6:23  Zergling x6  
  41  6:31  Baneling  
  40  6:42  Zergling x4  
  38  6:54  Baneling x4  
  22  7:24  Spawning Pool  
  22  7:28  Drone x6  
  27  7:31  Zerg Melee Weapons Level 1  
  27  7:49  Hatchery  
  26  7:54  Drone x4  
  26  7:56  Drone  
  30  8:26  Zergling x14  
  30  8:27  Zergling x4  
  39  8:38  Queen  
  39  8:39  Drone  
  42  8:46  Overlord  
  42  8:48  Hatchery  
  42  8:50  Overlord  
  41  9:05  Zergling x2  
  41  9:06  Zergling x10  
  47  9:11  Extractor  
  47  9:12  Extractor  
  43  9:25  Drone x5  
  43  9:27  Drone  
  47  9:39  Baneling Nest  
  47  9:44  Drone x3  
  49  9:47  Drone  
  49  9:51  Drone  
  52  9:52  Drone  
  52  9:54  Drone  
  53  10:03  Zergling x6  
  53  10:04  Zergling x2  
  57  10:13  Overlord  
  57  10:14  Overlord  
  57  10:19  Extractor  
  56  10:21  Extractor  
  56  10:23  Queen  
  56  10:28  Baneling Nest  
  56  10:32  Baneling x5  
  56  10:33  Baneling  
  56  10:35  Baneling  
  56  10:36  Baneling x2  
  37  11:21  Drone x6  
  37  11:22  Drone x6, Overlord x3  
  37  11:23  Drone  
  50  11:30  Spine Crawler  
  49  11:35  Zergling x2  
  49  11:36  Zergling x4  
  52  11:42  Drone x2  
  55  11:47  Zergling x10  
  55  11:48  Zergling x12  
  55  11:52  Queen  
  67  11:54  Queen  
  67  11:56  Zergling x4  
  67  12:01  Lair  
  71  12:03  Zergling x10  
  71  12:04  Zergling x4  
  78  12:08  Baneling x4  
  78  12:09  Baneling x5  
  54  12:31  Zergling x8  
  54  12:32  Zergling x14  
  54  12:33  Zergling x10  
  70  12:42  Zergling x8  
  72  13:20  Queen  
  72  13:21  Drone x4  
  72  13:24  Centrifical Hooks  
  72  13:25  Overlord x2  
  72  13:26  Overlord x7  
  78  13:40  Extractor, Overlord x5  
  78  13:41  Extractor, Overlord x2  
  77  13:44  Overseer x4  
  77  13:46  Pneumatized Carapace  
  76  13:52  Spire  
  76  13:53  Spire  
  74  13:58  Drone x5  
  74  13:59  Drone x7  
  74  14:02  Extractor  
  85  14:04  Extractor  
  85  14:07  Zergling x4  
  85  14:08  Zergling x6  
  89  14:10  Baneling x3  
  89  14:11  Baneling x8  
  89  14:12  Baneling x7  
  89  14:13  Baneling x7  
  89  14:14  Baneling  
  89  14:15  Baneling  
  89  14:31  Spore Crawler  
  88  14:32  Spore Crawler  
  88  14:34  Spore Crawler  
  88  14:35  Spore Crawler  
  88  14:37  Spore Crawler  
  84  14:38  Spore Crawler  
  84  14:43  Spore Crawler  
  84  14:44  Spore Crawler  
  81  14:48  Drone x2  
  81  14:49  Drone x4, Spore Crawler x2  
  85  14:54  Drone x2  
  85  14:58  Drone x2  
  89  15:07  Spore Crawler  
  88  15:09  Spore Crawler  
  88  15:11  Baneling x2  
  88  15:12  Baneling x6  
  88  15:13  Baneling  
  87  15:29  Spore Crawler  
  87  15:33  Spine Crawler  
  87  15:34  Mutalisk x2  
  87  15:35  Spine Crawler  
  88  15:40  Baneling x4  
  88  15:41  Baneling  
  88  15:48  Drone x2  
  88  15:49  Drone x6  
  96  16:12  Corruptor x3  
  93  16:32  Mutalisk x2  
  79  16:51  Extractor  
  79  16:53  Extractor  
  77  16:58  Drone  
  77  16:59  Drone x5  
  75  17:03  Zergling x18  
  75  17:04  Zergling x12  
  75  17:05  Zergling x10  
  89  17:13  Spine Crawler  
Show
View Real Time Build Order
Export as new Build Order

MooEsqoo Protoss 

Build Orders: 1 Gate Expand, Oracle Opening 

Get SALT Encoding   

  12  0:02  Probe  
  13  0:19  Pylon  
  13  0:20  Probe  
  14  0:34  Probe  
  15  0:40  Gateway  
  15  0:47  Probe (Chrono Boost), Assimilator  
  16  0:59  Probe (Chrono Boost)  
  17  1:07  Probe (Chrono Boost)  
  18  1:13  Probe  
  19  1:25  Probe  
  20  1:33  Nexus  
  20  1:45  Cybernetics Core  
  20  1:48  Probe  
  20  1:52  Pylon  
  21  1:58  Assimilator  
  21  2:00  Probe  
  22  2:12  Probe  
  23  2:25  Probe, Stargate  
  23  2:26  Stalker (Chrono Boost)  
  26  2:37  Warp Gate  
  26  2:44  Probe x2  
  28  2:55  Stalker (Chrono Boost)  
  28  2:56  Probe  
  28  2:57  Probe  
  28  2:58  Shield Battery  
  32  3:08  Probe  
  32  3:09  Probe  
  32  3:10  Oracle (Chrono Boost)  
  37  3:31  Probe x2  
  39  3:43  Probe x2  
  41  3:55  Probe x2  
  43  4:07  Probe x2  
  45  4:12  Pylon  
  45  4:14  Pylon  
  45  4:23  Robotics Facility  
  45  4:26  Gateway  
  45  4:27  Oracle (Chrono Boost)  
  48  4:34  Pylon  
  48  4:47  Probe x2  
  48  4:49  Sentry  
  52  4:56  Forge  
  52  4:57  Twilight Council  
  52  4:59  Probe x2  
  54  5:11  Probe x2  
  54  5:13  Observer  
  57  5:15  Stalker  
  59  5:58  Stalker  
  59  5:59  Sentry  
  59  6:00  Protoss Ground Weapons Level 1  
  63  6:18  Assimilator  
  63  6:23  Assimilator  
  63  6:26  Shield Battery  
  63  6:29  Shield Battery  
  63  7:23  Charge  
  63  7:29  Probe x2  
  65  7:41  Probe  
  65  7:42  Probe  
  67  7:51  Gateway  
  67  7:52  Nexus, Templar Archives  
  67  7:54  Pylon, Stalker, Gateway  
  67  7:56  Assimilator  
  69  8:01  Assimilator  
  69  8:12  Void Ray  
  73  8:13  Pylon  
  73  8:14  Protoss Ground Weapons Level 2 (Chrono Boost)  
  73  8:15  Pylon  
  73  8:17  Pylon  
  73  8:18  Pylon  
  73  8:20  Pylon  
  69  8:33  Immortal  
  73  8:40  Gateway  
  73  8:44  High Templar, Gateway  
  73  8:45  High Templar  
  77  8:49  Archon  
  77  8:51  Gateway  
  63  9:33  Probe x3  
  66  9:45  Probe x3  
  69  10:02  Pylon  
  69  10:03  Probe x3  
  72  10:10  Immortal (Chrono Boost)  
  76  10:15  Probe x3  
  79  10:23  High Templar  
  79  10:24  High Templar x6  
  79  10:28  Archon x3  
  93  10:37  Protoss Ground Weapons Level 3 (Chrono Boost)  
  93  10:47  Immortal  
  97  10:57  High Templar x2  
  99  10:59  Zealot  
  99  11:00  Zealot x3  
  109  11:24  Probe x3  
  112  11:36  Probe x3, Archon  
  115  11:55  High Templar x2  
  115  11:56  High Templar x2  
  115  11:57  Zealot x2  
  115  11:58  Zealot  
  115  11:59  Archon  
  115  12:00  Archon  
  129  12:09  Probe x3  
  132  12:21  Probe x3  
  87  13:08  Warp Prism  
  89  13:15  High Templar x6  
  89  13:16  High Templar  
  103  13:22  Psionic Storm  
  103  13:27  Archon x2  
  103  13:28  Archon  
  103  13:29  Protoss Ground Armor Level 1 (Chrono Boost)  
  103  13:44  Probe x2  
  103  13:45  Probe  
  106  13:50  Pylon  
  106  13:52  Shield Battery  
  106  13:54  Shield Battery x2  
  106  13:56  Probe  
  106  13:57  Probe x2  
  109  14:07  Immortal (Chrono Boost)  
  109  14:09  Void Ray (Chrono Boost)  
  117  14:13  Zealot x2  
  117  14:14  Zealot x4  
  117  14:15  Zealot  
  131  14:42  Observer (Chrono Boost)  
  132  14:48  Phoenix (Chrono Boost)  
  132  14:50  Archon  
  134  14:53  High Templar x2  
  134  14:55  Zealot x2  
  134  14:56  Zealot x3  
  134  14:57  Archon  
  148  15:03  Gateway  
  148  15:04  Gateway  
  148  15:07  Gateway  
  148  15:10  Gateway  
  148  15:15  Pylon  
  148  15:16  Pylon  
  148  15:18  Pylon  
  148  15:20  Pylon  
  148  15:21  Protoss Ground Armor Level 2 (Chrono Boost)  
  148  15:22  Pylon  
  148  15:24  Pylon  
  148  15:32  Phoenix  
  150  16:05  Pylon  
  150  16:10  High Templar x2  
  154  16:11  High Templar x3  
  154  16:12  High Templar  
  154  16:13  Zealot  
  154  16:14  Zealot x3  
  154  16:15  Archon x3  
  170  16:21  Zealot  
  144  16:39  Zealot x4  
  78  16:57  Zealot x3  
  78  16:58  Zealot x4  
  92  17:01  Phoenix  
  94  17:15  High Templar x2  
  98  17:16  High Templar x2  
  98  17:19  Archon  
  98  17:20  Archon  
  98  17:21  Zealot x3  
  98  17:22  Zealot x4  
Tags
 
Add a new tag
Caveats
  • Supply blocks, unpowered buildings, or Contaminate may cause inaccurate times.
  • Supply counts are checked every 10 seconds.